 Dungeon Crawl Stone Soup version 0.26-a0-651-gb41185065b (webtiles) character file.

Game seed: 4396109677872798576

229479 Sun the Devastator (level 18, -4/147 HPs)
             Began as a Demigod Fire Elementalist on Sept 29, 2020.
             Killed from afar by a swamp dragon (10 damage)
             ... with a blast of poison
             ... on level 1 of the Swamp.
             The game lasted 02:37:15 (77358 turns).

Sun the Devastator (Demigod Fire Elementalist)     Turns: 77358, Time: 02:37:17

Health: -4/147     AC: 10    Str: 11    XL:     18   Next: 8%
Magic:  21/37      EV: 19    Int: 31    God:
Gold:   1140       SH:  0    Dex: 16    Spells: 1/37 levels left

rFire    + + .     SeeInvis +   D - staff of fire
rCold    + . .     Faith    .   (no shield)
rNeg     . . .     Spirit   .   P - +2 robe {rC+ rF+}
rPois    .         Reflect  .   a - +1 hat
rElec    .         Harm     .   A - +0 cloak
rCorr    .         Rampage  .   Z - +2 pair of gloves
MR       +....                  v - +0 pair of boots
Stlth    ++........             p - amulet of regeneration
HPRegen  0.74/turn              (no ring)
MPRegen  0.25/turn              E - ring of see invisible

@: lethally poisoned (-4 -> -9)
A: high mp 1
}: 1/15 runes: serpentine
a: no special abilities


You were on level 1 of the Swamp.
You visited 6 branches of the dungeon, and saw 31 of its levels.
You also visited: Bailey and Ice Cave.

You collected 3984 gold pieces.
You spent 2844 gold pieces at shops.

Inventory:

Armour
 a - a +1 hat (worn)
 v - a +0 pair of boots (worn)
 A - a +0 cloak (worn)
 P - a +2 robe of resistance (worn)
 Z - a +2 pair of gloves (worn)
Magical Staves
 D - an uncursed staff of fire (weapon)
Jewellery
 n - an uncursed ring of protection from magic
 p - an amulet of regeneration (around neck)
 x - an uncursed ring of protection from fire
 y - an uncursed ring of resist corrosion
 E - a ring of see invisible (right hand)
 K - an uncursed ring of fire
 N - an uncursed ring of protection from cold
 T - an uncursed ring of positive energy
Wands
 c - a wand of digging (7)
 r - a wand of acid (12)
 C - a wand of polymorph (18)
 V - a wand of iceblast (22)
 W - a wand of paralysis (41)
 Y - a wand of disintegration (56)
Scrolls
 f - 5 scrolls of enchant armour
 j - 5 scrolls of teleportation
 l - 4 scrolls of enchant weapon
 q - 3 scrolls of vulnerability
 z - 3 scrolls of amnesia
 G - 2 scrolls of magic mapping
 H - 7 scrolls of fear
 J - a scroll of silence
 L - 4 scrolls of immolation
 M - 4 scrolls of fog
 Q - a scroll of brand weapon
 U - 7 scrolls of remove curse
 X - a scroll of blinking
Potions
 b - 2 potions of invisibility
 d - 2 potions of haste
 e - a potion of curing
 g - 2 potions of cancellation
 h - 6 potions of lignification
 k - 6 potions of mutation
 o - 8 potions of flight
 u - 2 potions of berserk rage
 w - 2 potions of resistance
 B - 3 potions of stabbing
 I - a potion of brilliance
 O - 8 potions of ambrosia
Miscellaneous
 i - a phantom mirror
 s - a phial of floods
 F - a box of beasts (3/3)
 R - a lightning rod (4/4)
 S - a condenser vane (2/2)


   Skills:
 - Level 10.0 Fighting
 - Level 10.0 Dodging
 - Level 1.7 Stealth
 - Level 10.0 Spellcasting
 - Level 20.0 Conjurations
 * Level 17.5 Fire Magic


You had one spell level left.
You knew the following spells:

 Your Spells              Type           Power        Failure   Level
a - Statue Form           Tmut/Erth      ###......    99%         6
b - Sticky Flame          Conj/Fire      ########     0%          4
c - Fireball              Conj/Fire      ########..   1%          5
d - Blink                 Tloc           N/A          4%          2
e - Orb of Destruction    Conj           #######...   1%          7
f - Passage of Golubria   Tloc           N/A          32%         4
g - Ignition              Fire           ########..   16%         8

Your spell library contained the following spells:

 Spells                   Type           Power        Failure   Level
 Foxfire                  Conj/Fire      ####         0%          1
 Magic Dart               Conj           ####         0%          1
 Shock                    Conj/Air       ####         1%          1
 Apportation              Tloc           ###...       3%          1
 Beastly Appendage        Tmut           ###...       3%          1
 Corona                   Hex            ###....      3%          1
 Sting                    Tmut/Pois      ###.         3%          1
 Summon Small Mammal      Summ           ###.         3%          1
 Searing Ray              Conj           ######       0%          2
 Conjure Flame            Conj/Fire      ########     0%          3
 Dazzling Flash           Conj/Hex       ######       1%          3
 Ignite Poison            Fire/Tmut/Pois ######..     1%          3
 Inner Flame              Hex/Fire       #######.     1%          3
 Mephitic Cloud           Conj/Pois/Air  ######..     1%          3
 Static Discharge         Conj/Air       ######..     1%          3
 Stone Arrow              Conj/Erth      ######       1%          3
 Fulminant Prism          Conj/Hex       ######....   1%          4
 Iskenderun's Mystic Bla  Conj/Tloc      ######..     1%          4
 Bolt of Magma            Conj/Fire/Erth #######...   1%          5
 Iskenderun's Battlesphe  Conj           #######.     1%          5
 Lightning Bolt           Conj/Air       ######....   1%          5
 Call Imp                 Summ           ###.....     4%          2
 Corpse Rot               Necr/Air       N/A          4%          2
 Ensorcelled Hibernation  Hex/Ice        ###...       4%          2
 Poisonous Vapours        Pois/Air       ###...       4%          2
 Slow                     Hex            ###.....     4%          2
 Wereblood                Tmut           ###.....     4%          2
 Iron Shot                Conj/Erth      ######....   9%          6
 Call Canine Familiar     Summ           ###.....     10%         3
 Confusing Touch          Hex            ###.....     10%         3
 Gell's Gravitas          Tloc           ###.......   10%         3
 Lesser Beckoning         Tloc           ###.......   10%         3
 Portal Projectile        Hex/Tloc       ###...       10%         3
 Spider Form              Tmut/Pois      ###.......   10%         3
 Summon Guardian Golem    Hex/Summ       ###.....     10%         3
 Teleport Other           Tloc           ###.....     10%         3
 Tukima's Dance           Hex            ###.....     10%         3
 Cause Fear               Hex            ###.......   32%         4
 Ice Form                 Ice/Tmut       ###.....     32%         4
 Leda's Liquefaction      Hex/Erth       ###.......   32%         4
 Olgreb's Toxic Radiance  Pois           ###.....     32%         4
 Summon Ice Beast         Ice/Summ       ###.....     32%         4
 Summon Lightning Spire   Summ/Air       ###.....     32%         4
 Spellforged Servitor     Conj/Summ      ######....   41%         7
 Alistair's Intoxication  Tmut/Pois      ###......    65%         5
 Blade Hands              Tmut           ###.......   65%         5
 Summon Forest            Summ/Tloc      ###.......   65%         5
 Eringya's Noxious Bog    Tmut/Pois      ###.......   99%         6
 Hydra Form               Tmut           ###.......   99%         6
 Invisibility             Hex            ###.....     99%         6
 Summon Hydra             Summ           ###.......   100%        7
 Shatter                  Erth           ###.......   100%        9
 Tornado                  Air            ###.......   100%        9


Dungeon Overview and Level Annotations

Branches:
Dungeon (15/15)            Temple (0/1) D:4            Lair (6/6) D:10
  Swamp (1/4) Lair:4        Snake (4/4) Lair:4        Slime (0/5) Lair:6
    Orc (2/2) D:11            Elf (3/3) Orc:2        Vaults (0/5) D:14
 Depths (0/5) D:15         Bailey (visited)           IceCv (visited)

Shops:
D:11 *   D:13 =[   Orc:1 !   Orc:2 ?(!}(   Elf:2 [(*:(   Snake:1 ==}
Snake:3 [

Annotations:
D:12 1 runed translucent door
Snake:2 1 runed translucent door


Innate Abilities, Weirdness & Mutations

You have an increased reservoir of magic. (+10% MP)


Message History

You blink.
You are engulfed in poison gas.
You are more poisoned.
* * * LOW HITPOINT WARNING * * *
x2 You feel very sick.
The swamp dragon completely misses you.
The swamp dragon claws you but does no damage.
The swamp dragon closely misses you.
You feel better.
You are engulfed in poison gas.
You are poisoned.
* * * LOW HITPOINT WARNING * * *
You feel sick. The swamp dragon bites you!
* * * LOW HITPOINT WARNING * * *
The swamp dragon completely misses you. The swamp dragon barely misses you.
Casting: Blink (safe; 4% risk of failure)
Confirm with . or Enter, or press ? or * to list all spells.
You blink.
You feel sick.
The swamp dragon breathes poison at you.
The blast of poison engulfs you!
You are more poisoned.
You die...

♣♣♣ ♣♣♣♣♣♣ ♣.♣ ♣♣.♣♣.♣ ♣♣♣ ♣.♣
♣≈≈.♣.♣ ♣♣♣ ♣≈♣ ♣≈♣ ♣.≈.≈≈♣ ♣.♣
♣≈♣ ♣≈♣ ♣♣.≈≈≈.♣ ♣.♣ ♣.♣ ♣≈♣♣
♣.≈≈≈≈.♣♣ ♣♣.♣♣♣♣°♣♣♣♣..♣♣
♣..F.≈..♣ ♣.§≈♣♣.D○......♣♣
♣...≈♣≈.♣ ♣♣.≈.♣@§≈≈≈°≈≈♣.≈♣♣♣
...§≈≈≈.♣ ♣..≈...≈≈°≈≈≈≈≈≈...♣♣
≈≈♣..≈≈.♣♣♣.♣≈.≈≈≈≈≈♣♣.≈....≈.♣
..♣♣..≈..♣..≈≈.♣≈≈≈≈≈≈≈≈♣♣♣♣.♣♣
§.♣♣♣°♣....≈≈≈≈≈≈≈≈≈≈≈≈.♣ ♣♣♣
≈.> ♣..♣≈.≈≈≈≈≈≈≈≈≈≈≈≈≈<♣ ♣♣♣
...♣♣♣.≈≈.≈≈≈.≈≈≈≈≈≈♣≈≈.♣ ♣♣.♣♣
≈≈.♣
♣.≈.†.≈..♣.≈≈≈≈....♣♣♣♣§..♣
≈♣..
♣...♣♣♣♣.♣.≈≈≈≈.≈♣...♣≈≈≈♣♣


You could see a swamp dragon (catching breath).

Vanquished Creatures
  A sphinx (Bailey)
  Roxanne (Snake:2)
  Kirke (D:15)
  6 nagarajas
  A deep elf sorcerer (Elf:1)
  The ghost of Totodit the Fighter, a journeyman GrEE of Vehumet (Lair:6)
  A deep elf demonologist (Elf:2)
  The ghost of Befuwnopp the Grappler, a journeyman TrHu of Cheibriados (Lair:3)
  Azrael (D:13)
  A deep elf death mage (Elf:1)
  The ghost of Deesahac the Severer, a journeyman BaFi of Cheibriados (Lair:3)
  Josephine (D:15)
  A fire dragon (D:10)
  The ghost of aty692 the Spear-Bearer, a journeyman HOFi of Gozag (Lair:3)
  The ghost of HilariousDeathArtist the Fighter, a novice PaCK of Xom (D:9)
  17 naga warriors
  7 vault guards (D:14)
  A centaur warrior (D:14)
  2 ice dragons (D:15)
  8 anacondas
  7 hydras
  2 alligators (Swamp:1)
  A death knight (D:13)
  3 catoblepae (Lair:6)
  11 death yaks
  4 two-headed ogres
  An ogre mage (Orc:2)
  Urug (Lair:3)
  6 shock serpents
  20 dancing weapons
  16 naga sharpshooters
  3 tengu warriors
  Nergalle (Orc:2)
  The ghost of Vikhomp the Fighter, a novice GnWn of Fedhas (D:7)
  5 skeletal warriors
  A salamander mystic (Snake:3)
  9 deep elf knights
  An unseen horror (D:14)
  10 naga ritualists
  A swamp dragon (Lair:3)
  A phantasmal warrior (D:12)
  9 deep elf archers
  4 orc knights
  10 mana vipers
  3 ugly things
  11 orc sorcerers
  7 salamanders
  5 cyclopes
  4 manticores
  39 deep elf magi
  3 ice statues (IceCv)
  4 centaur zombies
  Maurice (D:12)
  14 elephants
  3 guardian serpents
  31 naga magi
  A torpor snail (Lair:6)
  38 black mambas
  2 gargoyles (D:10)
  Maggie (D:8)
  12 cane toads
  4 komodo dragons
  2 rime drakes (Lair:5)
  An efreet (D:15)
  A freezing wraith (D:13)
  A kobold demonologist (D:12)
  A hornet (D:8)
  2 polar bears
  Prince Ribbit (D:6)
  3 trolls
  8 blink frogs
  4 dream sheep (Lair:6)
  9 slime creatures
  5 hippogriffs
  A snapping turtle (shapeshifter) (D:13)
  6 wraiths
  2 hogs (D:15)
  5 shadows
  A centaur simulacrum (D:14)
  A vampire (D:15)
  2 water elementals
  Sigmund (D:4)
  3 wyverns
  Eustachio (D:5)
  8 fire elementals
  76 yaks
  A basilisk (shapeshifter) (D:14)
  8 vampire mosquitoes
  53 nagas
  2 wargs
  2 acid dragons
  2 swamp worms (Swamp:1)
  11 water moccasins
  A hell hound (D:13)
  12 porcupines
  Duvessa (D:6)
  8 sky beasts
  The ghost of cerealjynx the Grave Robber, an amateur FeNe (D:4)
  7 ice beasts
  25 orc warriors
  6 black bears
  5 phantoms
  11 ogres
  4 wolves (Lair:4)
  12 centaurs
  11 crocodiles
  4 big kobolds
  A wyvern zombie (D:13)
  13 bullfrogs
  An earth elemental (Elf:2)
  4 scorpions
  16 killer bees
  Dowan (D:6)
  19 wights
  An electric eel (Snake:2)
  A howler monkey (D:4)
  4 jellies
  A quasit (D:6)
  3 bullfrog zombies
  6 hounds
  4 bullfrog skeletons
  15 orc priests
  Crazy Yiuf (D:5)
  7 centaur skeletons
  Jessica (D:3)
  10 iguanas
  38 orc wizards
  15 worker ants
  3 hound skeletons
  6 gnolls (Bailey)
  18 adders
  2 shadow imps
  16 white imps
  3 ufetubi
  An ooze (D:3)
  3 worms
  4 dart slugs
  4 leopard geckos
  103 orcs
  A ball python (D:2)
  2 giant cockroaches (D:1)
  38 goblins
  23 hobgoblins
  5 jackals
  38 kobolds
  5 quokkas
  13 bats
  7 frilled lizards
  8 rats
1163 creatures vanquished.

Vanquished Creatures (collateral kills)
  A deep elf mage (Elf:1)
  A foxfire (D:5)
2 creatures vanquished.

Vanquished Creatures (others)
  A blink frog (Swamp:1)
  A water elemental (Elf:2)
  A human (D:15)
  A yak (D:13)
  2 wights (D:15)
  An orc wizard (Orc:2)
  An ooze (D:3)
  A giant cockroach (D:3)
  A bush (D:9)
  1222 foxfires
  38 fungi
  140 plants
1410 creatures vanquished.

Grand Total: 2575 creatures vanquished

Notes
Turn   | Place    | Note
-------+----------+-------------------------------------------
     0 | D:1      | Sun the Demigod Fire Elementalist began the quest for the
                  | Orb.
     0 | D:1      | Reached XP level 1. HP: 14/14 MP: 5/5
    13 | D:1      | Reached skill level 1 in Conjurations
   205 | D:1      | Reached XP level 2. HP: 14/20 MP: 0/7
   419 | D:1      | Found a shimmering altar of Xom.
  1230 | D:1      | Reached XP level 3. HP: 26/26 MP: 4/8
  1645 | D:2      | Reached skill level 2 in Conjurations
  2252 | D:2      | Reached XP level 4. HP: 33/33 MP: 6/10
  3221 | D:3      | Reached skill level 3 in Conjurations
  3221 | D:3      | Reached XP level 5. HP: 38/38 MP: 5/11
  3408 | D:3      | Found a basalt altar of Yredelemnul.
  3785 | D:3      | Found a burning altar of Makhleb.
  4306 | D:4      | Reached XP level 6. HP: 39/45 MP: 9/13
  4608 | D:4      | Reached skill level 4 in Conjurations
  4608 | D:4      | Reached skill level 5 in Fire Magic
  5255 | D:4      | Reached XP level 7. HP: 50/50 MP: 9/15
  5434 | D:4      | Learned a level 4 spell: Sticky Flame
  5440 | D:4      | Learned a level 5 spell: Fireball
  5502 | D:4      | Found a staircase to the Ecumenical Temple.
  5505 | D:4      | Noticed Sigmund
  5525 | D:4      | Killed Sigmund
  5525 | D:4      | Reached skill level 5 in Conjurations
  5769 | D:4      | Found a runed translucent door.
  5773 | D:4      | Noticed cerealjynx's ghost (amateur FeNe)
  6045 | D:3      | Found a glowing golden altar of the Shining One.
  6047 | D:3      | Noticed an angel
  6271 | D:3      | Noticed Jessica
  6275 | D:3      | Killed Jessica
  6375 | D:5      | Entered Level 5 of the Dungeon
  6445 | D:5      | Noticed Eustachio
  6558 | D:5      | Killed Eustachio
  6558 | D:5      | Reached XP level 8. HP: 52/57 MP: 5/17
  6766 | D:5      | Reached skill level 6 in Conjurations
  7418 | D:5      | Found a broken altar of Ashenzari.
  7671 | D:5      | Found a runed translucent door.
  7672 | D:5      | Noticed Crazy Yiuf
  7679 | D:5      | Killed Crazy Yiuf
  8063 | D:6      | Noticed Duvessa
  8066 | D:6      | Noticed Dowan
  8106 | D:6      | Killed Dowan
  9575 | D:6      | Killed Duvessa
  9679 | D:6      | Reached skill level 7 in Conjurations
 10013 | D:6      | Noticed Prince Ribbit
 10188 | D:6      | Killed Prince Ribbit
 10188 | D:6      | Reached XP level 9. HP: 62/62 MP: 8/20
 10419 | D:7      | Reached skill level 5 in Spellcasting
 10494 | D:7      | Noticed Vikhomp's ghost (novice GnWn)
 10592 | D:7      | Found a runed translucent door.
 11171 | D:7      | Reached skill level 8 in Conjurations
 11706 | D:4      | Killed cerealjynx's ghost
 12577 | D:8      | Found a glowing golden altar of the Shining One.
 12879 | D:8      | You fall into a shaft and drop 1 floor!
 12998 | D:9      | Reached XP level 10. HP: 20/69 MP: 9/22
 13103 | D:9      | Noticed a manticore
 13109 | D:9      | Killed a manticore
 13121 | D:9      | Found a glowing silver altar of Zin.
 13150 | D:9      | Found a flagged portal.
 13279 | Bailey   | Entered a bailey
 13454 | Bailey   | Reached skill level 9 in Conjurations
 13757 | Bailey   | Noticed an orc knight
 13815 | Bailey   | Killed an orc knight
 14019 | Bailey   | Noticed an orc knight
 14023 | Bailey   | Noticed a two-headed ogre
 14023 | Bailey   | an orc knight changed into a two-headed ogre
 14038 | Bailey   | Killed a two-headed ogre
 14038 | Bailey   | Reached skill level 10 in Fire Magic
 14261 | Bailey   | Noticed an orc knight
 14280 | Bailey   | Killed an orc knight
 14408 | Bailey   | Noticed an orc warlord
 14410 | Bailey   | Noticed a sphinx
 14410 | Bailey   | an orc warlord changed into a sphinx
 14429 | Bailey   | Reached skill level 10 in Conjurations
 14429 | Bailey   | Reached XP level 11. HP: 63/74 MP: 0/26
 14430 | Bailey   | Reached skill level 11 in Conjurations
 14430 | Bailey   | Reached XP level 12. HP: 69/81 MP: 0/28
 14453 | Bailey   | Killed a sphinx
 14949 | D:9      | Reached skill level 12 in Conjurations
 15565 | D:9      | Found a runed translucent gate.
 15565 | D:9      | Found a runed translucent gate.
 15566 | D:9      | Found a runed translucent gate.
 15566 | D:9      | Noticed HilariousDeathArtist's ghost (novice PaCK)
 16138 | D:7      | Killed Vikhomp's ghost
 16321 | D:8      | Found a snail-covered altar of Cheibriados.
 16450 | D:8      | Noticed Maggie
 16455 | D:8      | Killed Maggie
 16693 | D:8      | Found a shimmering blue altar of Sif Muna.
 16903 | D:10     | Entered Level 10 of the Dungeon
 17402 | D:10     | Noticed a fire dragon
 17461 | D:10     | Found a staircase to the Lair.
 17868 | D:10     | Reached XP level 13. HP: 48/86 MP: 4/30
 18808 | D:11     | Found a staircase to the Orcish Mines.
 19685 | D:11     | Found Mimisune's Demolitions Depot.
 19905 | D:11     | Bought a book of Power for 540 gold pieces
 19993 | D:11     | Learned a level 5 spell: Iskenderun's Battlesphere
 20095 | D:10     | HP: 1/86 [fire dragon/blast of flame (19)]
 20971 | D:12     | Reached skill level 13 in Conjurations
 21344 | D:12     | Found a runed translucent door.
 21522 | D:12     | Found a runed translucent door.
 21645 | D:12     | Noticed Maurice
 21648 | D:12     | Killed Maurice
 22407 | Orc:1    | Entered Level 1 of the Orcish Mines
 22669 | Orc:2    | Entered Level 2 of the Orcish Mines
 23623 | Orc:2    | Found Teteus's Antique Weapon Emporium.
 23657 | Orc:2    | Found a staircase to the Elven Halls.
 24718 | Orc:2    | Found Duirer's Gadget Boutique.
 24724 | Orc:2    | Found Vatyawn's Distillery.
 24926 | Orc:2    | Found a radiant altar of Vehumet.
 24931 | Orc:2    | Reached skill level 14 in Conjurations
 25120 | Orc:2    | Noticed Nergalle
 25132 | Orc:2    | Killed Nergalle
 25277 | Orc:2    | Found a roughly hewn altar of Beogh.
 25278 | Orc:2    | Found Leakhligo's Antique Weapon Boutique.
 25303 | Orc:2    | Found an ancient bone altar of Kikubaaqudgha.
 25316 | Orc:2    | Found Azxuytyen's Magic Scroll Boutique.
 26280 | Orc:1    | Found Yniri's Distillery.
 26780 | D:11     | Bought a manual of Conjurations for 1324 gold pieces
 26901 | D:11     | Learned a level 7 spell: Orb of Destruction
 27361 | D:13     | Reached skill level 10 in Spellcasting
 27601 | D:13     | Found Aberoa's Antique Armour Shop.
 28146 | D:13     | Reached skill level 15 in Conjurations
 28637 | D:12     | Reached XP level 14. HP: 77/93 MP: 29/32
 28787 | D:13     | Found a white marble altar of Elyvilon.
 28801 | D:13     | Noticed Azrael
 29009 | D:13     | You fall into a shaft and drop 2 floors!
 29009 | D:15     | Entered Level 15 of the Dungeon
 29015 | D:15     | Noticed Josephine
 29022 | D:15     | Killed Josephine
 29687 | D:14     | Reached skill level 16 in Conjurations
 30666 | D:14     | Reached skill level 17 in Conjurations
 31675 | D:14     | Found a gate to the Vaults.
 32288 | D:13     | Found Doiqux's Jewellery Shop.
 32624 | D:13     | Killed Azrael
 32624 | D:13     | Reached skill level 18 in Conjurations
 33811 | D:15     | Noticed Kirke
 33814 | D:15     | Killed Kirke
 34332 | D:15     | Found a staircase to the Depths.
 34760 | Lair:1   | Entered Level 1 of the Lair of Beasts
 34760 | Lair:1   | Found a frozen archway.
 34774 | IceCv    | Entered an ice cave
 39002 | Lair:2   | Reached skill level 19 in Conjurations
 39521 | Lair:3   | Reached XP level 15. HP: 99/99 MP: 13/33
 40093 | Lair:3   | Noticed Urug
 40096 | Lair:3   | Killed Urug
 40166 | Lair:3   | Found a runed translucent gate.
 40168 | Lair:3   | Found a runed translucent gate.
 40169 | Lair:3   | Found a runed translucent gate.
 40524 | Lair:3   | Noticed aty692's ghost (journeyman HOFi)
 40524 | Lair:3   | Noticed Befuwnopp's ghost (journeyman TrHu)
 40524 | Lair:3   | Noticed Deesahac's ghost (journeyman BaFi)
 40661 | Lair:3   | Killed Befuwnopp's ghost
 40670 | Lair:3   | Killed aty692's ghost
 40855 | Lair:3   | Killed Deesahac's ghost
 41880 | Lair:4   | Found a staircase to the Swamp.
 42391 | Lair:4   | Found a staircase to the Snake Pit.
 44270 | Lair:6   | Entered Level 6 of the Lair of Beasts
 45264 | Lair:5   | Reached skill level 20 in Conjurations
 45646 | Lair:6   | Reached skill level 1 in Fighting
 46986 | Lair:6   | Found a staircase to the Slime Pits.
 49609 | Lair:6   | Reached skill level 5 in Dodging
 50088 | Lair:6   | Found a large runed translucent door.
 50088 | Lair:6   | Found a large runed translucent door.
 50088 | Lair:6   | Noticed Totodit's ghost (journeyman GrEE)
 50090 | Lair:6   | Found the cursed +13 scythe of Curses {drain, *Curse}
 50602 | Lair:6   | Reached skill level 5 in Fighting
 51064 | Lair:6   | Learned a level 3 spell: Mephitic Cloud
 51219 | Lair:6   | Killed Totodit's ghost
 51999 | D:12     | Noticed a tengu reaver
 52006 | D:12     | Learned a level 2 spell: Blink
 52012 | D:12     | Learned a level 4 spell: Passage of Golubria
 52018 | D:12     | Got a crystal arbalest
 52019 | D:12     | Identified the +5 arbalest of Discord {venom, rC+ MR+
                  | Dex+2} (You found it on level 12 of the Dungeon)
 52115 | D:12     | Noticed a fire giant
 52119 | D:12     | Noticed a sphinx
 52119 | D:12     | a fire giant changed into a sphinx
 52120 | D:12     | a sphinx changed into an alligator snapping turtle
 52121 | D:12     | Noticed an iron giant
 52121 | D:12     | an alligator snapping turtle changed into an iron giant
 52292 | D:9      | Killed HilariousDeathArtist's ghost
 52691 | D:11     | Bought a book of the Tempests for 840 gold pieces
 52813 | D:11     | Learned a level 8 spell: Ignition
 52918 | Elf:1    | Entered Level 1 of the Elven Halls
 53109 | Elf:1    | Reached XP level 16. HP: 122/122 MP: 24/35
 54465 | Elf:1    | Identified the Disquisition on Combat Magic and the Escort
 55914 | Elf:2    | Noticed an Ice Fiend
 58132 | Elf:2    | Found a runed translucent gate.
 58132 | Elf:2    | Found a runed translucent gate.
 58166 | Elf:2    | Found Isuepsig's Weapon Shop.
 58287 | Elf:2    | Found Xisuxoym's Assorted Antiques.
 58296 | Elf:2    | Bought a scroll of identify for 70 gold pieces
 58296 | Elf:2    | Bought a scroll of identify for 70 gold pieces
 58296 | Elf:2    | Identified a scroll of acquirement
 58298 | Elf:2    | Acquired an uncursed staff of fire
 58305 | Elf:2    | Found Kediop's Book Boutique.
 58354 | Elf:2    | Found Zoomezxa's Antique Armour Emporium.
 58512 | Elf:2    | Found Ytugg's Antique Weapon Shop.
 58552 | Elf:2    | Found a runed translucent gate.
 60195 | Elf:3    | Entered Level 3 of the Elven Halls
 60676 | Snake:1  | Entered Level 1 of the Snake Pit
 61396 | Snake:1  | Reached skill level 10 in Dodging
 61780 | Snake:1  | Reached skill level 10 in Fighting
 63025 | Snake:1  | You fall into a shaft and drop 1 floor!
 63648 | Snake:1  | Found Geumumot's Gadget Boutique.
 63648 | Snake:1  | Found Begg's Jewellery Emporium.
 63649 | Snake:1  | Found Vum Mom's Jewellery Emporium.
 64575 | Snake:2  | Reached XP level 17. HP: 129/140 MP: 1/36
 64670 | Snake:2  | Noticed Roxanne
 65533 | Snake:2  | Killed Roxanne
 65997 | Snake:2  | Found a runed translucent door.
 67171 | Snake:3  | Found Mapec's Armour Emporium.
 68311 | Snake:3  | Reached skill level 15 in Fire Magic
 69060 | Snake:4  | Entered Level 4 of the Snake Pit
 71597 | Snake:4  | Learned a level 6 spell: Statue Form
 71599 | Snake:4  | Got a slimy pewter ring
 71601 | Snake:4  | Identified the ring "Fosutwub" {*Drain MR+ rCorr Int+3
                  | Stlth+} (You found it on level 4 of the Snake Pit)
 75524 | Snake:4  | Reached XP level 18. HP: 30/147 MP: 9/37
 75968 | Snake:4  | Got a serpentine rune of Zot
 76190 | Swamp:1  | Entered Level 1 of the Swamp
 77357 | Swamp:1  | HP: 6/147 [swamp dragon (12)]
 77358 | Swamp:1  | Killed from afar by a swamp dragon

Illustrated notes

Levels and vault maps discovered:
D:1:      minmay_arrival_radiant_lines, layout_basic, minmay_misc_feat_cross,
          glass_columns_b, xom_teletrap_fun
D:2:      layout_basic
D:3:      layout_basic, grunt_temple_overflow_holy_war, makhleb_grotto_becter,
          uniq_jessica
D:4:      layout_loops_ring, minmay_temple_entry_slanted,
          ebering_ghost_reflecting_pool, minmay_joined_circles, uniq_sigmund
D:5:      kennysheep_kobold_camp, layout_loops_ring, ashenzari_altar_1,
          uniq_eustachio, uniq_crazy_yiuf_cottage
D:6:      layout_basic, uniq_prince_ribbit1, uniq_duvessa
D:7:      layout_cave_pods, hellmonk_ghost_happy_afterlife
D:8:      layout_basic, cheibriados_altar_1, basic_altar, led_sif_pool,
          uniq_maggie
D:9:      layout_loops_ring, zin_statuary, enter_bailey_3,
          ebering_ghost_rock_garden, hangedman_decor_growths,
          kb_lookout_dungeons_type
D:10:     dragon1_lemuel, layout_stronghold, grunt_lair_entry_orc_guard_hut
D:11:     layout_roguey, orc_0_dummy, grunt_ministairs_7, nicolae_blasting_shop,
          patterned_corridor
D:12:     minmay_expanding_circles, layout_cave_pods, grunt_ministairs_8,
          uniq_maurice
D:13:     layout_gridville, serial_shops, nicolae_shop_window_shopping,
          shop_coins, elyvilon_altar_3, uniq_azrael
D:14:     layout_layer_cave, erik_vaults_2, minivault_11
D:15:     grunt_enter_depths_hoard, layout_irregular_city, chequers_mini_garden,
          eino_curves_03, uniq_kirke, uniq_josephine
Lair:1:   layout_hall_layers, portal_ice_cave_entry_imps,
          chequers_serial_rivers_large_a, serial_bayou_shore_b,
          serial_bayou_shore_b
Lair:2:   layout_long_grid
Lair:3:   layout_cave_shapes, gammafunk_ghost_cemetery, hibernation_bobbens,
          lemuel_fruit_tree, uniq_urug
Lair:4:   layout_long_grid, minmay_swamp_entry_reptiles,
          guppyfry_snake_entry_island
Lair:5:   layout_roguey, lemuel_fruit_fields
Lair:6:   evilmike_catoblepas_cave, layout_regular_city,
          dpeg_slime_entry_corner, ebering_ghost_disaster_area,
          grunt_megastairs_5
Swamp:1:  layout_falls_marsh, evilmike_swamp_ruin_house_6
Snake:1:  layout_layer_cave, minmay_shop_grove
Snake:2:  cheibrodos_toxic_ritual, layout_grid_maze, grunt_ministairs_13,
          minmay_snake_pond, uniq_roxanne
Snake:3:  nicolae_snakescales, layout_layer_cave, serial_shops, shop
Snake:4:  snake_pit, layout_cave_town
Orc:1:    layout_caves, serial_shops, shop
Orc:2:    kennysheep_orc_mage_school, layout_diamond_mine, serial_shops, shop
Elf:1:    layout_gridlike, minmay_elf_sorcery, drop_trap
Elf:2:    layout_onion_city, serial_shops, nicolae_shop_stone, shop_fountains,
          shop, shop, nicolae_shop_overgrown_old_shop
Elf:3:    minmay_elf_hall_x, layout_loops_cross, basic_altar,
          hangedman_elven_pyramids, guppyfry_elf_altar

Skill      XL: |  1  2  3  4  5  6  7  8  9 10 11 12 13 14 15 16 17 |
---------------+----------------------------------------------------+-----
Conjurations   | 1 2 3 4 5 7 8 10 11 12 15 19 20 | 20.0
Fire Magic     | 3 4 5 6 7 9 11 12 13 17 | 17.5
Spellcasting   | 2 3 4 5 7 8 10 | 10.0
Dodging        | 6 10 | 10.0
Fighting       | 6 10 | 10.0
Stealth        | |  1.7

Action                   |  1- 3 |  4- 6 |  7- 9 | 10-12 | 13-15 | 16-18 || total
-------------------------+-------+-------+-------+-------+-------+-------++-------
Melee: Unarmed           |     1 |       |       |       |       |       ||     1
       Mace              |    13 |    86 |    21 |       |       |       ||   120
       Short sword       |     1 |       |       |       |       |       ||     1
       Dagger            |       |       |    15 |       |   144 |       ||   159
       Long sword        |       |       |    13 |    28 |    14 |       ||    55
       Staff             |       |       |       |       |       |    75 ||    75
 Fire: Triple crossbow   |       |       |       |       |     2 |     8 ||    10
Throw: Throwing net      |       |       |       |     1 |       |       ||     1
 Cast: Foxfire           |   102 |   150 |   189 |   133 |   155 |       ||   729
       Sticky Flame      |       |       |    28 |    38 |   142 |    32 ||   240
       Fireball          |       |       |    39 |    47 |   353 |   172 ||   611
       Iskenderun's Batt |       |       |       |       |     5 |       ||     5
       Orb of Destructio |       |       |       |       |   180 |   265 ||   445
       Mephitic Cloud    |       |       |       |       |     2 |     9 ||    11
       Passage of Golubr |       |       |       |       |       |     3 ||     3
       Blink             |       |       |       |       |       |     8 ||     8
       Ignition          |       |       |       |       |       |     5 ||     5
Evoke: Wand              |       |       |       |     5 |     3 |     5 ||    13
       Lightning rod     |       |       |       |       |       |     9 ||     9
       Condenser vane    |       |       |       |       |       |     1 ||     1
  Use: Scroll            |       |     7 |     4 |     2 |    30 |    16 ||    59
       Potion            |       |     3 |     1 |     4 |    10 |    10 ||    28
 Stab: Sleeping          |     1 |     1 |     1 |     2 |     3 |       ||     8
Armor: Robe              |     6 |    42 |    39 |    29 |   126 |    74 ||   316
Dodge: Dodged            |    25 |   102 |    88 |    69 |   319 |   388 ||   991
Block: Other             |       |       |    11 |       |       |       ||    11
       Rpst.: Long sword |       |       |    10 |    20 |    12 |       ||    42

Table legend: (Time is in decaauts)
 A = Elapsed time spent in this place.
 B = Non-inter-level travel time spent in this place.
 C = Inter-level travel time spent in this place.
 D = Time resting spent in this place.
 E = Time spent auto-exploring this place.
 F = Levels seen in this place.
 G = Mean time per level.
                   A        B        C        D        E       F      G
               +--------+--------+--------+--------+--------+-----+--------+
         Total |  77594 |  73965 |   3629 |  27352 |  37691 |  33 | 2351.3 |
       Dungeon |  30321 |  28111 |   2210 |   6274 |  17991 |  15 | 2021.4 |
          Lair |  15395 |  14845 |    550 |   6695 |   6759 |   6 | 2565.8 |
         Swamp |    390 |    390 |      0 |    102 |    156 |   1 |  390.0 |
     Snake Pit |  15334 |  15091 |    243 |   6832 |   6635 |   4 | 3833.5 |
  Orcish Mines |   4678 |   4333 |    345 |   1170 |   2581 |   2 | 2339.0 |
   Elven Halls |   7438 |   7159 |    279 |   3948 |   2552 |   3 | 2479.3 |
        Bailey |   1562 |   1562 |      0 |     71 |    977 |   1 | 1562.0 |
      Ice Cave |   2472 |   2472 |      0 |   2260 |     39 |   1 | 2472.0 |
               +--------+--------+--------+--------+--------+-----+--------+

Top non-repeatable levels by time:
  Lair:5: 5491 daAuts
 Snake:3: 5424 daAuts
   Elf:1: 4933 daAuts
    D:12: 4258 daAuts
 Snake:4: 3870 daAuts
  Lair:4: 3274 daAuts
 Snake:1: 3224 daAuts
   Orc:2: 3126 daAuts
 Snake:2: 2815 daAuts
  Lair:6: 2653 daAuts
    D:14: 2613 daAuts
     D:6: 2543 daAuts
   Elf:2: 2488 daAuts
   IceCv: 2472 daAuts
     D:4: 2311 daAuts
